 Dungeon Crawl Stone Soup version 0.30-a0-760-g5a9884bb7c (webtiles) character file.

Game seed: 13704645860957483666

193 boo the Slasher (level 5, -2/47 HPs)
             Began as a Minotaur Fighter on Feb 11, 2023.
             Slain by a water moccasin (5 damage)
             ... on level 5 of the Dungeon.
             The game lasted 00:02:45 (1848 turns).

boo the Slasher (Minotaur Fighter)                  Turns: 1848, Time: 00:02:45

Health: -2/47      AC:  9    Str: 23    XL:     5   Next: 43%
Magic:  4/4        EV:  7    Int:  5    God:
Gold:   132        SH:  4    Dex:  9    Spells: 4/4 levels left

rFire   . . .      SeeInvis .    a - +0 long sword
rCold   . . .      Faith    .    c - +0 buckler
rNeg    . . .      Spirit   .    e - +0 chain mail
rPois   .          Reflect  .    (helmet restricted)
rElec   .          Harm     .    (no cloak)
rCorr   .          Rampage  .    (no gloves)
Will    .....                    (no boots) Stlth
                                 (no amulet)
HPRegen 0.27/turn                (no ring)
MPRegen 0.09/turn                (no ring)

@: lethally poisoned (-2 -> -6)
A: horns 2, retaliatory headbutt
a: no special abilities


You were on level 5 of the Dungeon.
You visited 1 branch of the dungeon, and saw 4 of its levels.

You collected 132 gold pieces.

Inventory:

Hand Weapons
 a - a +0 long sword (weapon)
Missiles
 l - 2 throwing nets (quivered)
Armour
 c - a +0 buckler (worn)
 e - a +0 chain mail (worn)
 n - the +0 ring mail of the Swan {rElec rC++ Str+3 Dex-3}
   (You found it on level 2 of the Dungeon)

   Str:       It affects your strength (+3).
   Dex:       It affects your dexterity (-3).
   rC:        It greatly protects you from cold.
   rElec:     It insulates you from electricity.
Scrolls
 g - 5 scrolls of identify {unknown}
 h - 2 scrolls of noise {unknown}
 j - a scroll of brand weapon {unknown}
 k - a scroll of enchant armour {unknown}
 m - a scroll of amnesia {unknown}
Potions
 b - 2 potions of heal wounds {unknown}
 d - 3 potions of might
 f - a potion of ambrosia {unknown}
 i - 2 potions of curing {unknown}


   Skills:
 + Level 4.6 Fighting
 * Level 4.7 Long Blades
 + Level 4.6 Armour
 + Level 4.6 Shields


You had 4 spell levels left.
You didn't know any spells.
Your spell library was empty.

Dungeon Overview and Level Annotations

Branches:
Dungeon (3/15)

Altars:
Uskayaw

Shops:
D:5 =


Innate Abilities, Weirdness & Mutations

You have a pair of horns on your head.
You reflexively headbutt those who attack you in melee.


Message History

The orc priest is heavily wounded.
Something hits you but does no damage. You block the orc priest's attack.
A water moccasin comes into view.
You hit the orc priest. You headbutt the orc priest.
You kill the orc priest!
Something hits you but does no damage. You block something's attack.
Found a scorpion corpse.
Found a hide-covered altar of Uskayaw.
Something hits you.
Things that are here:
a +0 mace; 14 gold pieces Something completely misses you.
An orc comes into view. It is wielding a +0 mace.
Found a worm corpse.
The orc shouts!
The water moccasin bites you.
You are poisoned.
The water moccasin poisons you!
You closely miss something.
You feel very sick. The water moccasin closely misses you.
You furiously retaliate!
You headbutt the water moccasin! Something hits you but does no damage.
A scorpion comes into view.
You barely miss something. Your headbutt misses something.
You feel very sick. The water moccasin barely misses you.
The orc hits you but does no damage.
You hear some strange, mumbled words.
A puff of flame appears from out of thin air!
The puff of flame hits you. The water moccasin bites you.
You barely miss something.
You feel sick. The water moccasin bites you. You block the orc's attack.
You hear some strange, mumbled words.
A magic dart appears from out of thin air!
The magic dart hits you.
* * * LOW HITPOINT WARNING * * *
You block the water moccasin's attack.
You closely miss something. Your headbutt misses something.
You feel sick. Something hits you but does no damage.
The orc hits you with a +0 mace.
* * * LOW HITPOINT WARNING * * *
The water moccasin bites you.
You die...

##.##.##># #
#.....##.# .
#..#####.# #.
#..#####.#
###.###
#........#
..†....
#∩.#######
.....†.###
#.##
......s#.# #.#
..†_..S@.# #.#
......o#{###.#
......†#)....#
.......#)#####
###.####.# #..
..# ## ####


You could see a water moccasin, a scorpion and an orc.

Vanquished Creatures
  An orc priest (D:5)
  An orc wizard (D:5)
  3 gnolls (D:2)
  5 adders
  2 worms
  5 orcs
  2 ball pythons (D:2)
  3 bats
  6 endoplasms
  A giant cockroach (D:1)
  6 hobgoblins
  4 jackals (D:2)
  A quokka (D:1)
  3 frilled lizards
  6 goblins
  4 kobolds
  5 rats
58 creatures vanquished.

Notes
Turn   | Place    | Note
-------+----------+-------------------------------------------
     0 | D:1      | boo the Minotaur Fighter began the quest for the Orb.
     0 | D:1      | Reached XP level 1. HP: 19/19 MP: 0/0
   170 | D:1      | Reached XP level 2. HP: 27/27 MP: 1/1
   531 | D:1      | Found a faded altar of an unknown god.
   668 | D:2      | Reached XP level 3. HP: 25/33 MP: 2/2
  1095 | D:2      | Reached XP level 4. HP: 39/40 MP: 3/3
  1115 | D:2      | Identified the +3 chain mail "Somerucw" {Fly rF- Dex+3}
  1532 | D:2      | Identified the +0 ring mail of the Swan {rElec rC++ Str+3
                  | Dex-3}
  1789 | D:3      | Reached XP level 5. HP: 46/47 MP: 4/4
  1799 | D:3      | You fall into a shaft and drop 2 floors!
  1799 | D:5      | Entered Level 5 of the Dungeon
  1819 | D:5      | Found Uriweeth's Jewellery Boutique.
  1841 | D:5      | Noticed a water moccasin
  1843 | D:5      | Found a hide-covered altar of Uskayaw.
  1848 | D:5      | Slain by a water moccasin

Illustrated notes

Levels and vault maps discovered:
D:1:      minmay_arrival_plants_in_alcoves, layout_basic,
          shapermc_ecumenical_altar_mp_highgroup, minmay_misc_feat_x
D:2:      layout_loops_cross, kennysheep_generic_room_15
D:3:      layout_basic, trog_three_pillars_becter, jmf_multi_god_temple2
D:5:      layout_loops_cross, nicolae_uskayaw_murder_on_the_dancefloor,
          serial_shops, nicolae_shop_trees, minmay_shop_grid_forest,
          minmay_shop_enchanted_jewellery, minmay_joined_circles, uniq_eustachio

Skill      XL: |  1  2  3  4 |
---------------+-------------+-----
Long Blades    | 3 4 |  4.7
Fighting       | 4 |  4.6
Armour         | 4 |  4.6
Shields        | 4 |  4.6

Action                     |  1- 3 |  4- 6 || total
---------------------------+-------+-------++-------
  Melee: Long sword        |    96 |    78 ||   174
         Headbutt          |     9 |    16 ||    25
 Armour: Chain mail        |    55 |    44 ||    99
         Scale mail        |     4 |       ||     4
  Dodge: Dodged            |    29 |    22 ||    51
  Block: Buckler           |    26 |    12 ||    38

Table legend: (Time is in decaauts)
 A = Elapsed time spent in this place.
 B = Non-inter-level travel time spent in this place.
 C = Inter-level travel time spent in this place.
 D = Time resting spent in this place.
 E = Time spent auto-exploring this place.
 F = Levels seen in this place.
 G = Mean time per level.
                   A        B        C        D        E       F      G
               +--------+--------+--------+--------+--------+-----+--------+
         Total |   1893 |   1875 |     18 |    244 |   1237 |   4 |  473.2 |
       Dungeon |   1893 |   1875 |     18 |    244 |   1237 |   4 |  473.2 |
               +--------+--------+--------+--------+--------+-----+--------+

Top non-repeatable levels by time:
     D:2: 1116 daAuts
     D:1: 653 daAuts
     D:3: 72 daAuts
     D:5: 51 daAuts
